 Dungeon Crawl Stone Soup version 0.17.0-1-g61d176b (webtiles) character file.

1620 fotsohgehT the Tainter (level 8, -3/36 HPs)
             Began as a Deep Elf Venom Mage on Nov 7, 2015.
             Was a Believer of Sif Muna.
             Slain by Joseph
             ... wielding a +0 quarterstaff
              (8 damage)
             ... on level 8 of the Dungeon.
             The game lasted 00:43:11 (8169 turns).

fotsohgehT the Tainter (Deep Elf Venom Mage)        Turns: 8169, Time: 00:43:11

Health: -3/36      AC:  9    Str:  5    XL:     8   Next: 64%
Magic:  2/20       EV: 13    Int: 23    God:    Sif Muna [**....]
Gold:   397        SH:  2    Dex: 14    Spells: 3 memorised, 12 levels left

rFire  . . .     SeeInvis .     E - +2 dagger (venom)
rCold  . . .     Clarity  .     y - +0 robe
rNeg   . . .     SustAt   .     (no shield)
rPois  .         Gourm    .     (no helmet)
rElec  +         Spirit   .     (no cloak)
rCorr  .         Warding  .     A - +0 pair of gloves
rMut   .         Stasis   .     (no boots)
MR     +....                    (no amulet)
Stlth  +++.......               (no ring)
                                M - ring of stealth

@: somewhat resistant to hostile enchantments, fairly stealthy
A: large bone plates 1, rough black scales 1, frail 1, magic resistance 1,
electricity resistance
a: Channel Energy, Forget Spell, Renounce Religion


You were on level 8 of the Dungeon.
You worshipped Sif Muna.
Sif Muna was pleased with you.
You were not hungry.

You visited 2 branches of the dungeon, and saw 9 of its levels.

You collected 397 gold pieces.

Inventory:

Hand Weapons
 h - a +0 dagger
 n - a +1 short sword of venom
 E - a +2 dagger of venom (weapon)
Missiles
 f - 131 stones (quivered)
 l - 34 poisoned needles
 s - 3 tomahawks
 t - 2 throwing nets
Armour
 y - a +0 robe (worn)
 A - a +0 pair of gloves (worn)
 F - a cursed +0 leather armour
Magical Staves
 a - an uncursed staff of poison
Jewellery
 M - a ring of stealth (left hand)
Wands
 D - a wand of paralysis (10)
 G - a wand of polymorph (9)
 K - a wand of random effects (20)
Scrolls
 d - a scroll of identify
 j - 2 scrolls of blinking {unknown}
 k - 5 scrolls of remove curse {unknown}
 m - 3 scrolls of enchant weapon {unknown}
 p - a scroll of enchant armour {unknown}
 r - 4 scrolls of teleportation
 v - 4 scrolls of magic mapping {unknown}
 w - 2 scrolls of amnesia {unknown}
 x - a scroll of immolation {unknown}
 I - a scroll of random uselessness {unknown}
 L - a scroll of recharging {unknown}
Potions
 e - 5 potions of curing
 g - a potion of agility
 o - 3 potions of haste
 u - a potion of lignification
 z - a potion of might
 B - a potion of brilliance
 C - a potion of heal wounds
 H - a potion of invisibility
Books
 b - a Young Poisoner's Handbook

   Spells                             Type                      Level
   a - Sting                          Conjuration/Poison           1
   b - Cure Poison                    Poison                       2
   c - Mephitic Cloud                 Conjuration/Poison/Air       3
   d - Olgreb's Toxic Radiance        Poison                       4
   e - Venom Bolt                     Conjuration/Poison           5
Comestibles
 c - 6 bread rations
 i - 4 beef jerkies
 q - 3 fruits
 J - 2 meat rations


   Skills:
 - Level 2.4 Dodging
 - Level 2.4 Stealth
 + Level 7.0 Spellcasting
 + Level 7.4 Conjurations
 + Level 8.9 Poison Magic


You had 12 spell levels left.
You knew the following spells:

 Your Spells              Type           Power        Failure   Level  Hunger
a - Sting                 Conj/Pois      ####         1%          1    None
b - Venom Bolt            Conj/Pois      #####.....   10%         5    #####..
c - Mephitic Cloud        Conj/Pois/Air  ####....     2%          3    None


Dungeon Overview and Level Annotations

Branches:
Dungeon (8/15)             Temple (1/1) D:6
   Lair: D:8-11

Altars:
Cheibriados
Dithmenos
Elyvilon
Kikubaaqudgha
Nemelex Xobeh
Sif Muna
Trog
Xom
Yredelemnul
Zin

Annotations:
D:3 Sigmund
D:5 exclusions: centaur, crimson imp, downstairs, ice beast and shadow imp, Menkaure
D:6 exclusions: ice beast and scorpion, Blork the orc; andalon's ghost, novice MiFi
D:8 Joseph


Innate Abilities, Weirdness & Mutations

You are partially covered in large bone plates (AC +2, SH +2).
You are partially covered in rough black scales (AC +4, Dex -1).
You are frail (-10% HP).
You are resistant to hostile enchantments.
You are resistant to electric shocks.


Message History

Joseph shoots a sling bullet.
The sling bullet closely misses you.
Things that are here:
a jackal corpse x2
Joseph unwields an uncursed hunting sling of flaming.
It stops flaming.
Joseph wields an uncursed quarterstaff.
Joseph hits you with an uncursed quarterstaff!!
Ouch! That really hurt!
You hit Joseph.
Joseph is poisoned.
Joseph is almost dead.
You hit Joseph but do no damage.
Joseph looks even sicker.
Joseph is almost dead.
Joseph hits you with an uncursed quarterstaff!
* * * LOW HITPOINT WARNING * * *
Casting: Sting
Confirm with . or Enter, or press ? or * to list all spells.
You don't have enough magic to cast that spell.
You closely miss Joseph.
Joseph is almost dead.
Joseph hits you with an uncursed quarterstaff!
You die...

#).##s##.## .# .# #...###.##
# g #....#.## g #.#...##
#)##### #.# ##########.#
###########
#........(†#####.........###
#.##.......@@...............
#.##.###########.#######.###
#.<#.# #.# #.# #####.# #.#
#.# #.....# #.# #.# #.#####
#.# #.# #.# #.#######.# #.#
########.........# #.#
.........#########


You could see Joseph.

Vanquished Creatures
  A two-headed ogre (D:8)
  2 hippogriffs
  A black bear (shapeshifter) (D:8)
  An ice beast (D:8)
  2 ogres
  A giant frog (D:6)
  A scorpion (D:8)
  3 orc priests
  A jelly (D:8)
  Ijyb (D:3)
  3 orc wizards
  3 iguanas
  4 worker ants
  4 gnolls (D:8)
  9 adders
  3 shadow imps (D:6)
  2 oozes
  An adder skeleton (D:8)
  A worm (D:2)
  4 giant geckos
  28 orcs
  5 bats
  9 giant cockroaches
  17 goblins
  11 hobgoblins
  17 jackals
  8 kobolds
  4 quokkas
  3 ball pythons
  8 giant newts
  3 rats (D:2)
161 creatures vanquished.

Vanquished Creatures (others)
  5 sheep (D:6)
5 creatures vanquished.

Grand Total: 166 creatures vanquished

Notes
Turn   | Place    | Note
--------------------------------------------------------------
     0 | D:1      | fotsohgehT the Deep Elf Venom Mage began the quest for the Orb.
     0 | D:1      | Reached XP level 1. HP: 10/10 MP: 6/6
   379 | D:1      | Reached skill level 1 in Conjurations
   439 | D:1      | Reached XP level 2. HP: 15/15 MP: 4/8
  1090 | D:1      | Reached XP level 3. HP: 16/19 MP: 5/9
  1181 | D:1      | Reached skill level 5 in Poison Magic
  1972 | D:2      | Found a basalt altar of Yredelemnul.
  2199 | D:3      | Reached XP level 4. HP: 24/24 MP: 4/10
  2254 | D:3      | Noticed Sigmund
  2870 | D:3      | Reached XP level 5. HP: 28/28 MP: 8/11
  2899 | D:3      | Reached skill level 6 in Poison Magic
  2966 | D:3      | HP: 1/28 [something (1)]
  3331 | D:3      | Noticed Ijyb
  3343 | D:3      | Killed Ijyb
  3742 | D:4      | Noticed an ogre
  3752 | D:4      | Killed an ogre
  3752 | D:4      | Reached XP level 6. HP: 32/32 MP: 5/12
  3759 | D:4      | Learned a level 5 spell: Venom Bolt
  4335 | D:5      | Entered Level 5 of the Dungeon
  4345 | D:5      | Noticed Menkaure
  4483 | D:5      | Found a shadowy altar of Dithmenos.
  4599 | D:5      | Reached skill level 5 in Conjurations
  4599 | D:5      | Reached skill level 7 in Poison Magic
  4759 | D:5      | Learned a level 3 spell: Mephitic Cloud
  4766 | D:5      | Gained mutation: You are resistant to electric shocks. [potion of mutation]
  4766 | D:5      | Gained mutation: You are partially covered in large bone plates (AC +2, SH +2). [potion of mutation]
  4766 | D:5      | Gained mutation: You are frail (-10% HP). [potion of mutation]
  5172 | D:6      | Noticed Blork the orc
  5930 | D:6      | Found a shimmering altar of Xom.
  5946 | D:6      | Reached XP level 7. HP: 30/32 MP: 11/14
  6246 | D:6      | Noticed andalon's ghost (novice MiFi)
  6637 | D:6      | Found a staircase to the Ecumenical Temple.
  6645 | Temple   | Entered the Ecumenical Temple
  6654 | Temple   | Became a worshipper of Sif Muna the Loreminder
  7173 | D:7      | Reached skill level 5 in Spellcasting
  7293 | D:7      | Reached skill level 8 in Poison Magic
  7451 | D:8      | Reached XP level 8. HP: 36/36 MP: 13/18
  7497 | D:8      | Reached * piety under Sif Muna
  7561 | D:8      | Noticed a queen bee
  7818 | D:8      | Gained mutation: You are resistant to hostile enchantments. [mutagenic meat]
  7819 | D:8      | Gained mutation: You are partially covered in rough black scales (AC +4, Dex -1). [mutagenic meat]
  8012 | D:8      | Noticed a two-headed ogre
  8027 | D:8      | Killed a two-headed ogre
  8032 | D:8      | Reached ** piety under Sif Muna
  8040 | D:8      | Noticed Joseph
  8169 | D:8      | Slain by Joseph

Action                   |  1- 3 |  4- 6 |  7- 9 || total
-------------------------+-------+-------+-------++-------
Melee: Whip              |    14 |       |       ||    14
       Short sword       |       |    35 |    31 ||    66
       Staff             |       |    13 |       ||    13
       Dagger            |       |     1 |     5 ||     6
 Cast: Sting             |    92 |   172 |   129 ||   393
       Mephitic Cloud    |       |     3 |    10 ||    13
       Venom Bolt        |       |       |     3 ||     3
Evoke: Wand              |       |       |     4 ||     4
  Use: Potion            |       |     2 |       ||     2
       Scroll            |       |     8 |     3 ||    11
 Stab: Sleeping          |       |     1 |       ||     1
       Paralysed         |       |       |     2 ||     2
  Eat: Chunk             |     3 |    11 |     9 ||    23
       Pizza             |       |     1 |       ||     1
       Fruit             |       |       |     1 ||     1
